 Dungeon Crawl Stone Soup version 0.31.0-9-g3a7656b989 (webtiles) character file.

Game seed: 367814571436689358

71 shadowrider38 the Conjurer (level 4, 0/33 HPs)
             Began as an Armataur Conjurer on Jan 24, 2024.
             Was a Follower of Cheibriados.
             Slain by an adder (3 damage)
             ... on level 4 of the Dungeon.
             The game lasted 00:06:39 (1137 turns).

shadowrider38 the Conjurer (Armataur Conjurer)      Turns: 1137, Time: 00:06:40

Health: 0/33       AC:  5    Str: 13 (16) XL:     4   Next: 5%
Magic:  7/7        EV:  9    Int: 21 (23) God:    Cheibriados [*.....]
Gold:   93         SH:  0    Dex: 10 (11) Spells: 4/7 levels left

rFire   . . .        a - +0 short sword
rCold   . . .        (no shield)
rNeg    . . .        d - +0 robe
rPois   .            (no helmet)
rElec   .            h - +0 cloak
rCorr   .            (no gloves)
SInv    .            (no barding)
Will    .....        (no amulet)
Stlth   ++           (no ring)
HPRegen 0.25/turn    (no ring)
MPRegen 1.75/turn

%: roll
@: very slow
A: large, deformed body, tough skin 3, armoured tail, roll 1
a: Renounce Religion, Bend Time


You were on level 4 of the Dungeon.
You worshipped Cheibriados.
Cheibriados was aware of your devotion.
You visited 1 branch of the dungeon, and saw 4 of its levels.

You collected 93 gold pieces.

Inventory:

Hand Weapons
 a - a +0 short sword (weapon)
Missiles
 k - 3 poisoned darts
 t - 5 boomerangs
 F - 6 curare-tipped darts
Armour
 d - a +0 robe (worn)
 h - a +0 cloak (worn)
Scrolls
 c - 5 scrolls of identify {unknown}
 f - a scroll of poison {unknown}
 j - a scroll of fog {unknown}
 m - a scroll of immolation {unknown}
 o - a scroll of teleportation {unknown}
Potions
 b - a potion of magic
 e - a potion of might {unknown}
 g - a potion of attraction {unknown}
 l - a potion of brilliance {unknown}
 n - a potion of enlightenment {unknown}


   Skills:
 - Level 1.3 Dodging
 - Level 2.1 Stealth
 - Level 2.0 Spellcasting
 + Level 4.3 Conjurations
 * Level 2.4 Translocations


You had 4 spell levels left.
You knew the following spells:

 Your Spells              Type           Power      Damage    Failure   Level
a - Magic Dart            Conj           80%        1d7       2%          1
b - Searing Ray           Conj           40%        2d5       3%          2

Your spell library contained the following spells:

 Spells                   Type           Power      Damage    Failure   Level
 Mercury Vapours          Alch/Air       4%         N/A       22%         2
 Mephitic Cloud           Conj/Alch/Air  8%         N/A       24%         3
 Iskenderun's Mystic Bla  Conj/Tloc      16%        2d5       36%         4
 Tukima's Dance           Hex            2%         N/A       41%         3
 Fulminant Prism          Conj/Alch      5%         3d7       52%         4
 Dimensional Bullseye     Hex/Tloc       3%         N/A       65%         4
 Freezing Cloud           Conj/Ice/Air   4%         6-21      92%         5


Dungeon Overview and Level Annotations

Branches:
Dungeon (4/15) Zot: 34352
 Temple: D:4-7

Altars:
Cheibriados
Hepliaklqana
Sif Muna

Shops:
D:1 [   D:3 !

Annotations:
D:3 1 transporter


Innate Abilities, Weirdness & Mutations

Armour fits poorly on your strangely shaped body.
You have extremely tough skin. (AC +3)
You have a long armoured tail.
You regenerate magic when rolling toward enemies. (Rampage MPRegen)


Message History

Confirm with . or Enter, or press ? or * to list all spells.
Restarting spell: Searing Ray (safe; 3% risk of failure)
Press: ? - help, Shift-Dir - straight line, f - giant cockroach
Aim: a giant cockroach (78% to hit)
The searing ray hits the giant cockroach.
You kill the giant cockroach!
Cheibriados appreciates the change of pace. (Press . to maintain the ray.)
You now have 93 gold pieces (gained 20).
t - 5 boomerangs You see here a hobgoblin corpse.
There is a stone staircase leading down here.
You climb downwards.
Found 2 viscous ruby potions and a long sword.
Found a stone staircase leading down.
There is a stone staircase leading up here.
You roll towards the iguana!
The adder hisses angrily.
The iguana hisses angrily.
A ball python comes into view.
The iguana bites you!
Casting: Searing Ray (safe; 3% risk of failure)
Confirm with . or Enter, or press ? or * to list all spells.
Aiming: Searing Ray (safe; 3% risk of failure)
Press: ? - help, Shift-Dir - straight line, f - iguana
Aim: an iguana (81% to hit)
Okay, then.
Casting: Searing Ray (safe; 3% risk of failure)
Confirm with . or Enter, or press ? or * to list all spells.
Aiming: Searing Ray (safe; 3% risk of failure)
Press: ? - help, Shift-Dir - straight line, f - iguana
Aim: an iguana (81% to hit)
The searing ray hits the iguana.
The iguana is moderately wounded. (Press . to maintain the ray.)
The ball python hisses angrily.
The iguana bites you!
The searing ray hits the iguana.
The iguana is moderately wounded.
The iguana bites you.
* * * LOW HITPOINT WARNING * * *
The searing ray hits the iguana.
The iguana is heavily wounded.
The iguana bites you.
* * * LOW HITPOINT WARNING * * *
Okay, then.
It was a potion of degeneration.
There was something very wrong with that liquid.
You feel weakened.
You feel dopey.
You feel clumsy. The adder bites you.
You die...

#######
#.<>@l#
#..)S.#
#.....#
#...S.#
#.....#
#.....#
#.....#
#......


You could see an iguana, an adder and a ball python.

Vanquished Creatures
  An adder (D:2)
  A shadow imp (D:3)
  2 ribbon worms
  3 bats
  2 endoplasms
  4 giant cockroaches
  4 goblins
  8 hobgoblins
  2 jackals (D:1)
  2 kobolds
  3 quokkas
  6 ball pythons
  3 frilled lizards
  3 rats
44 creatures vanquished.

Notes
Turn   | Place    | Note
-------+----------+-------------------------------------------
     0 | D:1      | shadowrider38 the Armataur Conjurer began the quest for the
                  | Orb.
     0 | D:1      | Reached XP level 1. HP: 14/14 MP: 3/3
   145 | D:1      | Reached XP level 2. HP: 20/20 MP: 2/4
   148 | D:1      | Learned a level 2 spell: Searing Ray
   393 | D:1      | Reached skill level 4 in Conjurations
   507 | D:1      | Found Qock's Antique Armour Emporium.
   562 | D:2      | Reached XP level 3. HP: 26/26 MP: 3/6
   572 | D:2      | Found a shimmering blue altar of Sif Muna.
   600 | D:3      | Found a hazy altar of Hepliaklqana.
   600 | D:3      | Found Quiwkes's Distillery.
   717 | D:2      | Found a faded altar of an unknown god.
   734 | D:2      | Prayed at the altar of an unknown god.
   734 | D:2      | Became a worshipper of Cheibriados the Contemplative
   734 | D:2      | Reached * piety under Cheibriados
  1036 | D:3      | Found a transporter.
  1119 | D:3      | Reached XP level 4. HP: 28/33 MP: 7/7
  1137 | D:4      | Slain by an adder

Illustrated notes

Levels and vault maps discovered:
D:1:      dpeg_arrival_simpleton_a, layout_basic, serial_shops,
          nicolae_lakefront_shop, nicolae_twisty_statue_hallways
D:2:      layout_loops_cross, hellmonk_ecumenical_altar_prayer_group,
          basic_altar, chequers_serial_rivers_large_a, grunt_decor_resistance
D:3:      layout_rooms, mainiacjoe_overflow_tiny_flanked,
          gammafunk_ghost_gnarly_gnolls, serial_shops, nicolae_shop_waterfront,
          hex_large
D:4:      layout_rooms, nicolae_ru_great_annihilating_truth, hex_intersection

Skill      XL: |  1  2  3 |
---------------+----------+-----
Translocations | 1 2 |  2.4
Spellcasting   | 2 |  2.0
Conjurations   | 4 |  4.3
Dodging        | |  1.3
Stealth        | |  2.1

Action                     |  1- 3 |  4- 6 || total
---------------------------+-------+-------++-------
  Melee: Short sword       |    10 |       ||    10
         Unarmed           |     1 |       ||     1
         Tailslap          |     2 |       ||     2
         Punch             |     1 |       ||     1
   Cast: Magic Dart        |    31 |       ||    31
         Searing Ray       |    19 |     3 ||    22
    Use: Potion            |       |     1 ||     1
   Stab: Sleeping          |     4 |       ||     4
 Armour: Robe              |    21 |     6 ||    27
  Dodge: Dodged            |    11 |     1 ||    12
